AoeStats
← Teetrinker

Pilgrims

508489945Analyzed
4v4 RM · 9d ago on Sep 22, 2026· 17m 35s· 8 players
Game mode
Random Map
Map size
Large (8 player)
Population
200
Speed
Normal
Resources
Standard
Victory
Conquest
Starting age
Dark Age
Ending age
Imperial Age
RankedLock teamsTeams togetherTeam positionsShared explorationLock speedFull tech treeHidden civsTurbo modeCheats
Victory
Defeat
🇹🇷 Ethiopians · Türkiye
1151
+15
🇷🇺 Saxons · Russia
1145
+15
🇪🇪 Vietnamese · Estonia
1103
+17
🇩🇪 Saracens · Germany
1076
+19
🇲🇽 Vikings · Mexico
1158
-18
🇧🇪 Magyars · Belgium
1142
-17
🇲🇽 Persians · Mexico
1120
-16
🇵🇪 Slavs · Peru
1081
-15
Miztliel
7:23 Loom
12:20 Feudal Age
12:48 Fishing Lines
DrSpyGut
9:31 Loom
12:03 Feudal Age
14:51 Fletching
luisignaciogh
13:51 Feudal Age
13:09 Loom
sabin_schy
9:15 Loom
12:00 Feudal Age
14:36 Bloodlines
15:11 Wheelbarrow
14:27 Double-Bit Axe
14:46 Fletching
15:02 Scale Barding Armor
16:46 Fishing Lines
Puzotron
13:30 Feudal Age
19:09 Castle Age
smyracula
9:39 Loom
11:28 Feudal Age
Teetrinker
4:48 Loom
11:11 Feudal Age
16:02 Castle Age
15:19 Fletching
Luni
10:07 Loom
11:56 Feudal Age
14:08 Double-Bit Axe
14:20 Town Watch
17:18 Castle Age
15:22 Horse Collar
Connection lost

Rejoining the realm…

Still unreachable

The connection could not be restored.

Session expired

The server has moved on; the page needs a fresh start.